 Dungeon Crawl Stone Soup version 0.30.1-4-g462c640d31 (webtiles) character file.

Game seed: 18444321552715689933

25 spardeous the Conjurer (level 2, 20/20 HPs)
             Began as a Demigod Conjurer on Aug 12, 2023.
             Got out of the dungeon alive.
             The game lasted 00:01:16 (955 turns).

spardeous the Conjurer (Demigod Conjurer)            Turns: 955, Time: 00:01:17

Health: 20/20      AC:  3    Str:  8    XL:     2   Next: 66%
Magic:  7/7        EV: 11    Int: 20    God:
Gold:   52         SH:  0    Dex: 12    Spells: 4/5 levels left

rFire   + . .        (no weapon)
rCold   . . .        (no shield)
rNeg    . . .        i - +0 leather armour
rPois   .            (no helmet)
rElec   .            (no cloak)
rCorr   .            (no gloves)
SInv    .            (no boots)
Will    .....        (no amulet)
Stlth   ++           h - ring of protection from fire
HPRegen 0.23/turn    (no ring)
MPRegen 0.10/turn

%: no passive effects
@: no status effects
A: high MP 1, forlorn, divine attributes
a: no special abilities


You escaped.
You visited 1 branch of the dungeon, and saw 1 of its levels.

You collected 52 gold pieces.

Inventory:

Armour
 a - a +0 robe
 i - a +0 leather armour (worn)
Jewellery
 h - a ring of protection from fire (left hand)
Scrolls
 c - 3 scrolls of identify {unknown}
 d - a scroll of vulnerability {unknown}
 e - 2 scrolls of enchant weapon {unknown}
 f - a scroll of fear {unknown}
Potions
 b - a potion of magic
 g - a potion of cancellation {unknown}


   Skills:
 - Level 1.7 Dodging
 - Level 1.7 Stealth
 + Level 2.4 Spellcasting
 + Level 4.0 Conjurations


You had 4 spell levels left.
You knew the following spells:

 Your Spells              Type           Power      Damage    Failure   Level
a - Magic Dart            Conj           72%        1d6       4%          1

Your spell library contained the following spells:

 Spells                   Type           Power      Damage    Failure   Level
 Searing Ray              Conj           36%        2d5       6%          2
 Dazzling Flash           Conj/Hex       20%        N/A       28%         3
 Fulminant Prism          Conj/Hex       5%         3d7       67%         4
 Iskenderun's Mystic Bla  Conj/Tloc      10%        2d4       67%         4


Dungeon Overview and Level Annotations

Branches:
Dungeon (1/15)


Innate Abilities, Weirdness & Mutations

You have an increased reservoir of magic. (+10% MP)
You shall have no god before yourself.
Your divine heritage dramatically boosts your attributes as you level up.


Message History

Aiming: Magic Dart (safe; 4% risk of failure)
Press: ? - help, Shift-Dir - straight line, f/p - quokka
Aim: a quokka (severely wounded, 100% to hit)
The magic dart hits the quokka.
You kill the quokka!
You now have 5/7 mp.
Done exploring.
Casting: Magic Dart (safe; 4% risk of failure)
Confirm with . or Enter, or press ? or * to list all spells.
You can't see any susceptible monsters within range! (Use Z to cast anyway.) MP restored: 7 Done exploring.
Casting: Magic Dart (safe; 4% risk of failure)
Confirm with . or Enter, or press ? or * to list all spells.
You can't see any susceptible monsters within range! (Use Z to cast anyway.) Done exploring.
Casting: Magic Dart (safe; 4% risk of failure)
Confirm with . or Enter, or press ? or * to list all spells.
You can't see any susceptible monsters within range! (Use Z to cast anyway.) Unknown command.
Done exploring.
Casting: Magic Dart (safe; 4% risk of failure)
Confirm with . or Enter, or press ? or * to list all spells.
You can't see any susceptible monsters within range! (Use Z to cast anyway.) Done exploring.
Casting: Magic Dart (safe; 4% risk of failure)
Confirm with . or Enter, or press ? or * to list all spells.
You can't see any susceptible monsters within range! (Use Z to cast anyway.) Done exploring.
Casting: Magic Dart (safe; 4% risk of failure)
Confirm with . or Enter, or press ? or * to list all spells.
You can't see any susceptible monsters within range! (Use Z to cast anyway.) Done exploring.
Casting: Magic Dart (safe; 4% risk of failure)
Confirm with . or Enter, or press ? or * to list all spells.
You can't see any susceptible monsters within range! (Use Z to cast anyway.)
There is a stone staircase leading down here.
There is a staircase leading out of the dungeon here.
Are you sure you want to leave the Dungeon?
This will make you lose the game!
You have escaped!

####.##.##..##.# ##.....##
..##.##......#######....##
#..#.#..###...........###
##.#....# #...##......#
##.>..### #...##......#
.......######......##.#
..##.......##.####.##.#
......#.##.##.#....##.#
..#.........###.@.###.#
#.#.###.##..##....#.#.#
#.#.# #.######.####.#.#
#...# #.######......#.#
##.## #.#........##...#
#..# #...#......##...#
#..####..#...........#
#.....##.#..#######..#
##.###.##.............#


There were no monsters in sight!

Vanquished Creatures
  A dart slug (D:1)
  3 endoplasms (D:1)
  A giant cockroach (D:1)
  3 goblins (D:1)
  2 hobgoblins (D:1)
  3 jackals (D:1)
  A kobold (D:1)
  A quokka (D:1)
  A ball python (D:1)
  2 bats (D:1)
  A frilled lizard (D:1)
  2 rats (D:1)
21 creatures vanquished.

Notes
Turn   | Place    | Note
-------+----------+-------------------------------------------
     0 | D:1      | spardeous the Demigod Conjurer began the quest for the Orb.
     0 | D:1      | Reached XP level 1. HP: 14/14 MP: 5/5
   270 | D:1      | Reached XP level 2. HP: 20/20 MP: 1/7
   638 | D:1      | Reached skill level 4 in Conjurations
   955 | D:$      | Got out of the dungeon alive.

Illustrated notes

Levels and vault maps discovered:
D:1:      amcnicky_arrival_double_pillar, layout_rooms

Skill      XL: |  1  2 |
---------------+-------+-----
Spellcasting   | 2 |  2.4
Conjurations   | 4 |  4.0
Dodging        | |  1.7
Stealth        | |  1.7

Action                     || total
---------------------------++-------
   Cast: Magic Dart        ||    44
 Armour: Leather armour    ||     1
  Dodge: Dodged            ||     2
